 Dungeon Crawl Stone Soup version 0.21-a0-143-g1ab7d47 (webtiles) character file.

177 grindst0ne the Chopper (level 5, 0/49 HPs)
             Began as a Hill Orc Abyssal Knight on July 25, 2017.
             Was a Believer of Lugonu.
             Slain by an iguana (2 damage)
             ... on level 4 of the Dungeon.
             The game lasted 00:03:32 (3253 turns).

grindst0ne the Chopper (Hill Orc Abyssal Knight)    Turns: 3253, Time: 00:03:33

Health: 0/49       AC:  5    Str: 16    XL:     5   Next: 57%
Magic:  6/6        EV: 11    Int: 12    God:    Lugonu [**....]
Gold:   186        SH:  0    Dex: 10    Spells: 4/4 levels left

rFire    . . .     SeeInvis .   f - +0 war axe
rCold    . . .     Gourm    .   (no shield)
rNeg     . . .     Faith    .   b - +0 leather armour
rPois    .         Spirit   .   i - +0 helmet
rElec    .         Reflect  .   o - +0 cloak
rCorr    .         Harm     .   (no gloves)
MR       .....                  (no boots)
Stlth    +.........             (no amulet)
HPRegen  0.16/turn              (no ring)
MPRegen  0.10/turn              (no ring)

@: no status effects
A: no striking features
a: Depart the Abyss, Bend Space, Renounce Religion


You were on level 4 of the Dungeon.
You worshipped Lugonu.
Lugonu was pleased with you.
You were hungry.

You visited 1 branch of the dungeon, and saw 4 of its levels.
You visited the Abyss 1 time.

You collected 186 gold pieces.

Inventory:

Hand Weapons
 a - a +1 hand axe
 f - a +0 war axe (weapon)
Armour
 b - a +0 leather armour (worn)
 i - a +0 helmet (worn)
 o - a +0 cloak (worn)
Jewellery
 l - an uncursed ring of ice {unknown}
Scrolls
 d - 2 scrolls of enchant weapon {unknown}
 g - 6 scrolls of identify {unknown}
 j - a scroll of noise {unknown}
 k - a scroll of teleportation {unknown}
 r - 2 scrolls of fear {unknown}
 w - a scroll of remove curse {unknown}
 x - a scroll of magic mapping {unknown}
Potions
 s - a potion of agility {unknown}
 t - a potion of brilliance {unknown}
 v - a potion of degeneration {unknown}
Comestibles
 c - 3 bread rations
 m - a royal jelly
 p - 2 chunks of flesh
 u - 3 fruits


   Skills:
 + Level 5.6 Fighting
 + Level 5.7 Axes
 - Level 2.1 Armour
 - Level 0.7 Dodging
 - Level 2.4 Invocations


You had 4 spell levels left.
You didn't know any spells.

Dungeon Overview and Level Annotations

Branches:
Dungeon (4/15)
 Temple: D:4-7

Altars:
Yredelemnul


Message History

You closely miss the phantom.
The phantom is moderately damaged.
You closely miss the iguana.
You feel less invigorated.
You feel less confused. The iguana bites you. The phantom closely misses you.
You hit the phantom but do no damage.
The phantom is moderately damaged.
You hit the iguana but do no damage. The iguana bites you!
* * * LOW HITPOINT WARNING * * *
The phantom hits you.
* * * LOW HITPOINT WARNING * * *
The phantom blinks!
The iguana hisses menacingly.
The iguana bites you!
* * * LOW HITPOINT WARNING * * *
It was a potion of cancellation.
Your magical effects are unravelling.
You feel magically purged.
You float gracefully downwards.
The iguana bites you.
You die...

#.#.# .###. ##.#.# #. #....#
#. #....# .##. #. #....# ...
#....#######.# #
#............##.#
#######...##..........#
#......l@.......#..##.###
.....W......(......#..#.....
.....(....................#
#.#.######...##.......###.#
. # #..........#.###.#
#...######.#..##.# #...# #
#.##.##.# #.... ....##.##.#
#........##


You could see a phantom and an iguana.

Vanquished Creatures
  A howler monkey (D:2)
  The ghost of p0werm0de the Vexing, a weakling DsEn (D:3)
  4 adders
  An ooze (D:2)
  A worm (D:2)
  3 dart slugs
  3 leopard geckos
  5 orcs (D:3)
  A ball python (D:2)
  7 giant cockroaches
  6 goblins
  5 hobgoblins
  4 jackals (D:3)
  2 quokkas
  5 bats
  4 frilled lizards
  A jackal skeleton (D:4)
  4 kobolds
  10 rats
68 creatures vanquished.

Notes
Turn   | Place    | Note
-------+----------+-------------------------------------------
     0 | Abyss:1  | grindst0ne the Hill Orc Abyssal Knight began the quest for the Orb.
     0 | Abyss:1  | Reached XP level 1. HP: 19/19 MP: 2/2
    37 | Abyss:1  | Noticed a starcursed mass
    41 | Abyss:1  | Noticed a great orb of eyes
    42 | D:1      | Escaped the Abyss
   143 | D:1      | Reached * piety under Lugonu
   143 | D:1      | Reached XP level 2. HP: 14/27 MP: 3/3
   927 | D:2      | Reached XP level 3. HP: 14/33 MP: 4/4
  1549 | D:2      | Found a basalt altar of Yredelemnul.
  1815 | D:2      | Reached XP level 4. HP: 41/41 MP: 5/5
  1997 | D:2      | Reached skill level 5 in Fighting
  2455 | D:2      | Reached ** piety under Lugonu
  2455 | D:2      | Reached skill level 5 in Axes
  2500 | D:3      | Noticed p0werm0de's ghost (weakling DsEn)
  2513 | D:3      | Killed p0werm0de's ghost
  2513 | D:3      | Reached XP level 5. HP: 33/48 MP: 6/6
  3228 | D:4      | Noticed a phantom
  3251 | D:4      | HP: 2/49 [iguana (10)]
  3253 | D:4      | Slain by an iguana

Vault maps used:
D:1:      lemuel_arrival_river_ford, minivault_27
D:2:      yredelemnul_altar_generic, minmay_strange_pillars
D:4:      first_bread

Skill      XL: |  1  2  3  4 |
---------------+-------------+-----
Axes           | 3 4 5 |  5.7
Fighting       | 4 5 |  5.6
Armour         | |  2.1
Dodging        | |  0.7
Invocations    | |  2.4

Action                   |  1- 3 |  4- 6 || total
-------------------------+-------+-------++-------
Melee: Hand axe          |    86 |       ||    86
       War axe           |     8 |   112 ||   120
Invok: Depart the Abyss  |     1 |       ||     1
  Use: Potion            |       |     5 ||     5
  Eat: Chunk             |     2 |     5 ||     7
Armor: Leather armour    |    24 |    37 ||    61
Dodge: Dodged            |    61 |    83 ||   144
